[Event "Titled Tuesday Blitz November 14 Early 2023"]
[White "Kassimov, Baurzhan"]
[Black "Maghsoodloo, Parham"]
[WhiteFideId "13704800"]
[BlackFideId "12539929"]
[WhiteElo "2419"]
[BlackElo "2955"]
[Result "0-1"]
[Round "2"]
[TimeControl "180+1"]
[Date "2023.11.14"]
[WhiteClock "0:00:03"]
[BlackClock "0:00:12"]
[Board "128"]

1. c4 c5 2. Nc3 Nc6 3. g3 g6 4. Bg2 Bg7 5. Nf3 Nh6 6. O-O Nf5 7. a3 O-O 8. b4 b6 9. Rb1 Rb8 10. e3 Bxc3 11. dxc3 d6 12. e4 Ng7 13. Bh6 Be6 14. Nd2 Ne5 15. Qe2 f6 16. h3 Rc8 17. b5 Qd7 18. Kh2 Nf7 19. Be3 Kh8 20. f4 f5 21. Rbd1 Rce8 22. Bg1 Qc8 23. Nf3 fxe4 24. Qxe4 Bf5 25. Qe2 e5 26. fxe5 dxe5 27. Be3 e4 28. Ng5 Ne5 29. g4 Be6 30. Nxe6 Qxe6 31. Rd5 h5 32. gxh5 Nf3+ 33. Kh1 Nxh5 34. Qf2 Rf7 35. Rfd1 Kh7 36. Bc1 Ref8 37. Be3 Qe7 38. Bxf3 Rxf3 39. Qe2 Rxh3+ 40. Kg2 Rg3+ 41. Kh2 Qh4# 0-1


[Site "https://www.chess.com"]

[Event "Titled Tuesday Blitz November 14 Early 2023"]
[White "Galchenko, Matvey"]
[Black "Preobrazhenska_D2011"]
[WhiteFideId "24175480"]
[WhiteElo "2939"]
[BlackElo "2418"]
[Result "1-0"]
[Round "2"]
[TimeControl "180+1"]
[Date "2023.11.14"]
[WhiteClock "0:01:10"]
[BlackClock "0:00:00"]
[Board "129"]

1. f4 d5 2. Nf3 Nf6 3. g3 c5 4. Bg2 Nc6 5. O-O b6 6. d3 Bb7 7. Nc3 e6 8. e4 d4 9. Ne2 Be7 10. h3 h5 11. c3 O-O 12. c4 a6 13. e5 Ne8 14. g4 hxg4 15. hxg4 b5 16. b3 Qd7 17. Ng3 Rc8 18. f5 Qc7 19. Qe2 bxc4 20. bxc4 Rb8 21. Nh5 Bd8 22. Bf4 Ne7 23. f6 Ng6 24. fxg7 Nxg7 25. Bh6 Ne8 26. Rae1 Be7 27. Qf2 Bc6 28. Qg3 Rb2 29. Rf2 Qb6 30. Ref1 Rxf2 31. Qxf2 Nc7 32. Bxf8 Nxf8 33. Ng5 Be8 34. Nxf7 Ng6 35. Be4 Nh8 36. Nxh8 Kxh8 37. Qf4 Kg8 38. Qh6 Bf7 39. Qh7+ 1-0


[Site "https://www.chess.com"]

[Event "Titled Tuesday Blitz November 14 Early 2023"]
[White "Sjugirov, Sanan"]
[Black "Yeritsyan, Hayk"]
[WhiteFideId "4189302"]
[BlackFideId "13307320"]
[WhiteElo "2928"]
[BlackElo "2416"]
[Result "1-0"]
[Round "2"]
[TimeControl "180+1"]
[Date "2023.11.14"]
[WhiteClock "0:00:06"]
[BlackClock "0:00:04"]
[Board "130"]

1. e4 e5 2. Nf3 Nf6 3. d4 Nxe4 4. Bd3 d5 5. Nxe5 Bd6 6. Nc3 Nxc3 7. bxc3 Nd7 8. O-O O-O 9. Re1 Nxe5 10. dxe5 Be7 11. Qh5 g6 12. Qf3 Be6 13. Bh6 Re8 14. Rab1 Rb8 15. Qe3 a6 16. Rbd1 Qd7 17. Bg5 Bxg5 18. Qxg5 Qe7 19. Qf4 c5 20. h4 b5 21. h5 b4 22. c4 dxc4 23. Bxc4 Rbd8 24. Bxe6 Qxe6 25. h6 Kf8 26. Rd3 Rxd3 27. cxd3 Rd8 28. Rc1 Rd5 29. d4 Rxd4 30. Qe3 Qd5 31. Qe2 c4 32. Re1 Ke7 33. Qe3 Kd7 34. Qh3+ Qe6 35. Qe3 Qd5 36. Qh3+ Kc7 37. Qg3 Kb7 38. Qg5 Rd1 39. Qe7+ Kc6 40. Qxb4 Rxe1+ 41. Qxe1 Qd3 42. e6 fxe6 43. Qxe6+ Kb5 44. Qe5+ Ka4 45. Qe8+ Ka3 46. Qe7+ Kxa2 47. Qxh7 Qd1+ 48. Kh2 Qh5+ 49. Kg3 Qe5+ 50. f4 Qe3+ 51. Kg4 Qe6+ 52. Kg3 c3 53. Qc7 Qe3+ 54. Kh2 Qe1 55. Qc4+ Kb2 56. Qb4+ Kc1 57. Qa3+ Kc2 58. Qa2+ Kd3 59. Qd5+ Kc2 60. Qa2+ Kd3 61. Qxa6+ Kc2 62. Qxg6+ Kb2 63. Qb6+ Ka1 64. Qa5+ Kb2 65. Qb4+ Ka1 66. f5 Qe5+ 67. g3 c2 68. Qa3+ Kb1 69. Qb3+ Qb2 70. Qxb2+ Kxb2 71. h7 c1=Q 72. h8=Q+ Kb3 73. Qb8+ Ka3 74. Qa7+ Kb3 75. Qb6+ Ka3 76. Qf2 Qh6+ 77. Kg2 Qf6 78. Qe3+ Ka2 79. Qe6+ 1-0


[Site "https://www.chess.com"]

[Event "Titled Tuesday Blitz November 14 Early 2023"]
[White "Elsa167"]
[Black "PoXerStar"]
[WhiteElo "2915"]
[BlackElo "2415"]
[Result "1-0"]
[Round "2"]
[TimeControl "180+1"]
[Date "2023.11.14"]
[WhiteClock "0:00:32"]
[BlackClock "0:00:01"]
[Board "131"]

1. d4 Nf6 2. c4 e6 3. Nf3 d5 4. Nc3 Bb4 5. Bg5 h6 6. Bxf6 Qxf6 7. e3 O-O 8. Rc1 Nc6 9. Be2 Rd8 10. cxd5 exd5 11. O-O Ne7 12. Ne5 c6 13. f4 Nf5 14. Qd3 Nd6 15. a3 Bf5 16. Qd1 Bxc3 17. bxc3 Qe7 18. Rf3 f6 19. Nd3 Nc4 20. Nc5 Nxe3 21. Qd2 Nc4 22. Bxc4 dxc4 23. Re1 Qf7 24. Rfe3 Re8 25. Rxe8+ Rxe8 26. Rxe8+ Qxe8 27. Nxb7 Qb8 28. Nc5 Qb1+ 29. Kf2 Bd3 30. h3 Qf1+ 31. Kg3 h5 32. a4 Qg1 33. Nxd3 cxd3 34. Qxd3 h4+ 35. Kf3 Qe1 36. Kg4 Kf7 37. f5 g6 38. fxg6+ Kg7 39. Qf3 Kh6 40. Qxf6 Qg3+ 41. Kf5 Qf2+ 42. Ke6 Qe2+ 1-0


[Site "https://www.chess.com"]

[Event "Titled Tuesday Blitz November 14 Early 2023"]
[White "Sharafiev, Azat"]
[Black "Yeletsky, Ivan"]
[WhiteFideId "4186214"]
[BlackFideId "24180327"]
[WhiteElo "2415"]
[BlackElo "2910"]
[Result "0-1"]
[Round "2"]
[TimeControl "180+1"]
[Date "2023.11.14"]
[WhiteClock "0:00:14"]
[BlackClock "0:01:27"]
[Board "132"]

1. e4 e6 2. d4 d5 3. Nc3 dxe4 4. Nxe4 Nd7 5. Nf3 Ngf6 6. Ng3 c5 7. Be2 cxd4 8. Nxd4 a6 9. O-O Qc7 10. c3 Bd6 11. Bg5 O-O 12. Qc2 h6 13. Be3 b6 14. Bf3 Bb7 15. Qe2 Nd5 16. Rae1 Nxe3 17. Qxe3 Bxf3 18. Qxf3 b5 19. Kh1 Ne5 20. Qh5 Nc4 21. Ne4 Nxb2 22. Re3 Bf4 23. Rh3 Qe5 24. f3 Qxh5 25. Rxh5 Rac8 26. Ne2 Be3 27. g3 Rfd8 28. Rb1 Nc4 29. a4 f5 30. axb5 axb5 31. Rxb5 fxe4 32. fxe4 Rd1+ 33. Kg2 Rd2 34. Kf3 Rf8+ 35. Kg4 Rxe2 36. Rb7 Bg5 37. Kh3 Ne3 38. c4 Nf1 39. c5 Rxh2+ 40. Kg4 Ne3# 0-1


[Site "https://www.chess.com"]

[Event "Titled Tuesday Blitz November 14 Early 2023"]
[White "Herman, Daniel"]
[Black "mind1mover"]
[WhiteFideId "30935008"]
[WhiteElo "2414"]
[BlackElo "2837"]
[Result "0-1"]
[Round "2"]
[TimeControl "180+1"]
[Date "2023.11.14"]
[WhiteClock "0:00:07"]
[BlackClock "0:00:30"]
[Board "133"]

1. d4 Nc6 2. Nf3 Nf6 3. c4 e6 4. Nc3 Bb4 5. Qc2 O-O 6. a3 Bxc3+ 7. Qxc3 a5 8. b3 d6 9. g3 Qe7 10. Bb2 Re8 11. Bg2 e5 12. dxe5 dxe5 13. O-O Bg4 14. h3 Bh5 15. Qe3 Rad8 16. Rad1 Nd7 17. Nh4 Bg6 18. Nxg6 hxg6 19. Rd5 Nf6 20. Rb5 Nd4 21. Rxb7 Nf5 22. Qc3 Nd6 23. Ra7 Nde4 24. Qxa5 Nd2 25. Rxc7 Qd6 26. c5 Qe6 27. b4 Nxf1 28. Bxf1 Rd1 29. Kg2 Rxf1 30. Kxf1 Qxh3+ 31. Ke1 Qh1+ 32. Kd2 Rd8+ 33. Kc3 Qd1 34. Kc4 Qd5+ 35. Kb5 Ne4 36. Qb6 Qd2 37. Bxe5 Qxe2+ 38. Ka5 Nd2 39. Qb7 Nc4+ 40. Ka4 Nxe5 41. Re7 Qc2+ 42. Ka5 Nc4+ 43. Kb5 Nxa3+ 44. Kc6 Qxf2 45. Qc7 Qf3+ 46. Kb6 Nc4+ 47. Kb5 Na3+ 48. Kb6 Qa8 49. Qb7 Qa4 50. c6 Qxb4+ 51. Kc7 Qxe7+ 52. Kb6 Nc4+ 53. Ka7 Qa3+ 54. Qa6 Ra8+ 55. Kxa8 Qxa6+ 56. Kb8 Qb6+ 57. Kc8 Qxc6+ 58. Kd8 Nb6 59. Ke7 Qd7# 0-1


[Site "https://www.chess.com"]

[Event "Titled Tuesday Blitz November 14 Early 2023"]
[White "Timofeev, Artyom"]
[Black "YouShallNotPass001"]
[WhiteFideId "4140419"]
[WhiteElo "2832"]
[BlackElo "2410"]
[Result "1-0"]
[Round "2"]
[TimeControl "180+1"]
[Date "2023.11.14"]
[WhiteClock "0:01:03"]
[BlackClock "0:00:25"]
[Board "134"]

1. c4 Nf6 2. Nc3 e6 3. e4 d5 4. e5 Ne4 5. d4 Bb4 6. Qc2 c5 7. Bd3 cxd4 8. a3 Qa5 9. axb4 Qxa1 10. Nxe4 dxe4 11. Bxe4 Nc6 12. Bxc6+ bxc6 13. Ne2 c5 14. O-O Bb7 15. bxc5 Qa5 16. Nxd4 Qxc5 17. Qa4+ Kf8 18. Be3 Qe7 19. f4 g6 20. c5 Bd5 21. f5 exf5 22. Bh6+ Kg8 23. c6 Qxe5 24. h3 Qe4 25. Rf2 Qh4 26. Nxf5 Qf6 27. Qd4 1-0


[Site "https://www.chess.com"]

[Event "Titled Tuesday Blitz November 14 Early 2023"]
[White "Szpar, Milosz"]
[Black "Marcziter, Dmitrii"]
[WhiteFideId "1184989"]
[BlackFideId "13900765"]
[WhiteElo "2817"]
[BlackElo "2407"]
[Result "1-0"]
[Round "2"]
[TimeControl "180+1"]
[Date "2023.11.14"]
[WhiteClock "0:01:27"]
[BlackClock "0:00:05"]
[Board "135"]

1. e4 c5 2. Nf3 a6 3. c3 d5 4. exd5 Qxd5 5. d4 Nf6 6. Be3 cxd4 7. Nxd4 e5 8. Nf3 Qxd1+ 9. Kxd1 Bg4 10. Be2 Nc6 11. Nbd2 O-O-O 12. h3 Bh5 13. Ke1 Be7 14. Nc4 e4 15. Nd4 Nxd4 16. Bxd4 Bxe2 17. Kxe2 Nd5 18. g3 Bf6 19. Rad1 Bxd4 20. Rxd4 Nf6 21. Nd6+ Kc7 22. Nxf7 Rxd4 23. cxd4 Rf8 24. Rc1+ Kd7 25. Ne5+ Kd6 26. Rc5 Nd5 27. Nc4+ Ke6 28. Ne3 Nxe3 29. Kxe3 Rf3+ 30. Ke2 Rf5 31. Rxf5 Kxf5 32. Ke3 h5 33. a4 a5 34. b3 b6 35. g4+ hxg4 36. hxg4+ Kxg4 37. Kxe4 Kg5 38. Ke5 Kg4 39. f4 g6 40. d5 1-0


[Site "https://www.chess.com"]

[Event "Titled Tuesday Blitz November 14 Early 2023"]
[White "Xu, Yi"]
[Black "Kulkarni, Rakesh"]
[WhiteFideId "8605564"]
[BlackFideId "5037077"]
[WhiteElo "2806"]
[BlackElo "2407"]
[Result "1-0"]
[Round "2"]
[TimeControl "180+1"]
[Date "2023.11.14"]
[WhiteClock "0:01:55"]
[BlackClock "0:01:24"]
[Board "136"]

1. e4 c5 2. Nf3 e6 3. d4 cxd4 4. Nxd4 a6 5. c4 Nf6 6. Nc3 Bb4 7. Qd3 Nc6 8. Nxc6 dxc6 9. Qxd8+ Kxd8 10. e5 Ne4 11. a3 Bxc3+ 12. bxc3 Nxc3 13. a4 Ne4 14. Be3 h6 15. h4 f6 16. Bd3 f5 17. Rh3 Ke7 18. f3 Rd8 19. fxe4 1-0


[Site "https://www.chess.com"]

[Event "Titled Tuesday Blitz November 14 Early 2023"]
[White "Lobanov, Sergei"]
[Black "UK_23"]
[WhiteFideId "24183750"]
[WhiteElo "2804"]
[BlackElo "2407"]
[Result "1-0"]
[Round "2"]
[TimeControl "180+1"]
[Date "2023.11.14"]
[WhiteClock "0:00:32"]
[BlackClock "0:00:35"]
[Board "137"]

1. d4 d5 2. c4 e6 3. Nf3 Nf6 4. Nc3 Be7 5. Bf4 O-O 6. e3 b6 7. cxd5 Nxd5 8. Nxd5 Qxd5 9. Bd3 Bb4+ 10. Ke2 Ba6 11. Bxc7 Rc8 12. Bxb8 Bxd3+ 13. Qxd3 Raxb8 14. a3 Bf8 15. Rhc1 h6 16. Rc2 Rxc2+ 17. Qxc2 Qb5+ 18. Ke1 Qa6 19. Rc1 Bd6 20. Qc6 Bf8 21. Ne5 Qa5+ 22. Ke2 Qa6+ 23. Ke1 Qa5+ 24. Kf1 Qd2 25. Qc2 Qa5 26. Qc7 Qb5+ 27. Rc4 Qe8 28. Nxf7 b5 29. Rc1 b4 30. a4 b3 31. Ne5 Ra8 32. Qc6 Qxc6 33. Rxc6 Rb8 34. Ke2 a5 35. Kd3 Rb4 36. Rc4 Rb8 37. Nd7 Ra8 38. Nxf8 Kxf8 39. Kc3 Rb8 40. Rc5 1-0


[Site "https://www.chess.com"]

[Event "Titled Tuesday Blitz November 14 Early 2023"]
[White "Costachi, Mihnea"]
[Black "Nastase, Robert-Paul"]
[WhiteFideId "1217518"]
[BlackFideId "1221175"]
[WhiteElo "2763"]
[BlackElo "2406"]
[Result "1-0"]
[Round "2"]
[TimeControl "180+1"]
[Date "2023.11.14"]
[WhiteClock "0:02:04"]
[BlackClock "0:00:11"]
[Board "138"]

1. f4 f5 2. e4 fxe4 3. d3 Nf6 4. Nc3 d5 5. dxe4 dxe4 6. Qxd8+ Kxd8 7. Be3 c6 8. O-O-O+ Kc7 9. h3 h5 10. g3 Bf5 11. Bg2 e6 12. Nge2 Nbd7 13. Nd4 g6 14. Nb3 Bg7 15. Bd4 Rhg8 16. Rhe1 Rae8 17. Nc5 Nxc5 18. Bxc5 b6 19. Bd6+ Kc8 20. Nxe4 Nxe4 21. Bxe4 Bxe4 22. Rxe4 Bf6 23. Be5 Bxe5 24. Rxe5 Rg7 25. Rde1 Kd7 26. Kd2 Kd6 27. Kd3 Rf7 28. Ke4 Rf5 29. Rd1+ Ke7 30. g4 hxg4 31. hxg4 Rxe5+ 32. Kxe5 Rh8 33. Rd6 Rh1 34. Rxe6+ Kf7 35. Rf6+ Kg7 36. Rxc6 Re1+ 37. Kd4 Rf1 38. Ke3 Rg1 39. g5 Rg3+ 40. Ke4 Rg2 41. Rc7+ Kf8 42. Ke5 1-0


[Site "https://www.chess.com"]

[Event "Titled Tuesday Blitz November 14 Early 2023"]
[White "GaiozNigalidze"]
[Black "Osinovsky, Stepan"]
[BlackFideId "4157354"]
[WhiteElo "2757"]
[BlackElo "2405"]
[Result "0-1"]
[Round "2"]
[TimeControl "180+1"]
[Date "2023.11.14"]
[WhiteClock "0:01:59"]
[BlackClock "0:01:31"]
[Board "139"]

1. d4 Nf6 2. c4 g6 3. Nc3 Bg7 4. e4 O-O 5. Nf3 d6 6. h3 Nbd7 7. Bd3 e5 8. d5 Nc5 9. Bc2 a5 10. a3 Nh5 11. Bg5 f6 12. Be3 f5 13. Bxc5 dxc5 14. Bd3 Nf4 15. g3 Nxd3+ 16. Qxd3 fxe4 17. Nxe4 Bf5 18. Ke2 Qd7 19. Nfd2 Bxh3 20. f3 Bf5 21. g4 Bxe4 22. Nxe4 b6 23. g5 Rf4 24. Rh2 Raf8 25. Rah1 Rxf3 26. Qxf3 Rxf3 27. Kxf3 Qf5+ 28. Ke3 Qf4+ 29. Kd3 Qf3+ 0-1


[Site "https://www.chess.com"]

[Event "Titled Tuesday Blitz November 14 Early 2023"]
[White "Goltsev, Dmitry"]
[Black "Ron_Weasley_Chess"]
[WhiteFideId "24176710"]
[WhiteElo "2751"]
[BlackElo "2403"]
[Result "1-0"]
[Round "2"]
[TimeControl "180+1"]
[Date "2023.11.14"]
[WhiteClock "0:00:26"]
[BlackClock "0:00:00"]
[Board "140"]

1. e4 c6 2. d4 d5 3. Nc3 dxe4 4. Nxe4 Nf6 5. Qe2 Nxe4 6. Qxe4 Nd7 7. Nf3 Nf6 8. Qh4 g6 9. Bc4 Bg7 10. Ne5 O-O 11. c3 Nd5 12. Bh6 e6 13. Qh3 f6 14. Nd3 e5 15. Qh4 e4 16. Bxg7 Kxg7 17. Nf4 g5 18. Nh5+ Kg6 19. Qxe4+ Bf5 20. Qf3 Re8+ 21. Kd2 Be4 22. Bd3 f5 23. Bxe4 fxe4 24. Qg4 Rf8 25. Rhf1 Qe7 26. Rae1 e3+ 27. Kc1 Rae8 28. f4 e2 29. f5+ Kh6 30. Rf3 Qe4 31. Qxe4 Rxe4 32. Ng3 Rf4 33. Rxe2 Rxf3 34. gxf3 Nf4 35. Re7 Nd3+ 36. Kd2 Nxb2 37. Rxb7 Nc4+ 38. Kd3 Nd6 39. Rc7 Nxf5 40. Rxc6+ Kg7 41. Ne4 Nh4 42. Nxg5 Rf5 43. Rc7+ Kg6 44. Ne4 Rxf3+ 45. Kc4 Nf5 46. Rxa7 Ne3+ 47. Kc5 Rf5+ 48. Kc6 Nd5 49. Nc5 Nxc3 50. Re7 Nd5 51. Re6+ Kg7 52. Re5 Rxe5 53. dxe5 Nb4+ 54. Kd7 Nxa2 55. e6 Nc3 56. e7 Nd5 57. Ne4 Nxe7 58. Kxe7 Kg6 59. Ke6 Kh5 60. Kf5 Kh4 61. Nf2 h5 62. Ke4 Kg5 63. Kf3 Kh4 64. h3 Kg5 65. Kg3 h4+ 66. Kf3 Kf5 67. Ne4 Ke5 68. Nd2 Kf5 69. Nf1 Ke5 70. Kg4 1-0


[Site "https://www.chess.com"]

[Event "Titled Tuesday Blitz November 14 Early 2023"]
[White "djokovic74"]
[Black "Szyszylo, Rafal"]
[BlackFideId "1109626"]
[WhiteElo "2724"]
[BlackElo "2402"]
[Result "1-0"]
[Round "2"]
[TimeControl "180+1"]
[Date "2023.11.14"]
[WhiteClock "0:00:04"]
[BlackClock "0:00:00"]
[Board "141"]

1. e4 d6 2. Nf3 Nf6 3. Nc3 g6 4. d4 Bg7 5. Be2 O-O 6. O-O Bg4 7. Re1 Nc6 8. h3 Bxf3 9. Bxf3 e5 10. dxe5 dxe5 11. g3 Qe7 12. Nd5 Qd6 13. c3 Rad8 14. Bg5 h6 15. Bxf6 Bxf6 16. Qb3 b6 17. Rad1 Na5 18. Qb4 c5 19. Qb5 Kg7 20. h4 Qc6 21. Qe2 c4 22. Qc2 b5 23. h5 a6 24. Kg2 Bg5 25. Nb4 Qb7 26. Rxd8 Rxd8 27. Rd1 Nc6 28. Nd5 Ne7 29. hxg6 fxg6 30. a4 Nxd5 31. exd5 Rd6 32. axb5 Qxb5 33. Ra1 h5 34. Ra4 Kf6 35. Rb4 Qc5 36. Qe4 Qc7 37. Rxc4 Qb6 38. b4 h4 39. gxh4 Bf4 40. Rc8 Qb7 41. Rf8+ Kg7 42. Re8 Qd7 43. Rb8 Qe7 44. Kh3 Qf6 45. Rb7+ Kh6 46. c4 Rd8 47. c5 Rh8 48. d6 g5 49. h5 g4+ 50. Bxg4 Qg5 51. Qg6+ Qxg6 52. hxg6 Kxg6+ 53. Kg2 Kg5 54. Be6 e4 55. d7 Kf6 56. Bh3 Ke7 57. c6 Kd6 58. c7 Rg8+ 59. Kf1 Bh2 60. c8=Q Rg1+ 61. Ke2 1-0


[Site "https://www.chess.com"]

[Event "Titled Tuesday Blitz November 14 Early 2023"]
[White "Krivonosov, Oleg"]
[Black "Melaugh, Shane"]
[WhiteFideId "11600349"]
[BlackFideId "2509580"]
[WhiteElo "2719"]
[BlackElo "2391"]
[Result "1-0"]
[Round "2"]
[TimeControl "180+1"]
[Date "2023.11.14"]
[WhiteClock "0:01:38"]
[BlackClock "0:00:30"]
[Board "142"]

1. Nf3 f5 2. g3 Nf6 3. Bg2 d6 4. d4 e6 5. O-O Be7 6. c4 O-O 7. Nc3 Ne4 8. Qc2 Nxc3 9. Qxc3 a5 10. b3 Bf6 11. Bb2 Nc6 12. Qd2 e5 13. dxe5 dxe5 14. Qd5+ Kh8 15. Qxd8 Rxd8 16. Rfd1 Be6 17. Ne1 Kg8 18. Bxc6 bxc6 19. Nd3 e4 20. Bxf6 gxf6 21. Nf4 Kf7 22. f3 Ke7 23. Kf2 Rxd1 24. Rxd1 a4 25. Rd4 axb3 26. axb3 Rb8 27. fxe4 Rxb3 28. Nxe6 Kxe6 29. exf5+ Kxf5 30. Rd7 Kg6 31. Rxc7 Rb6 32. c5 Ra6 33. Kf3 h5 34. h4 Kf5 35. e3 Kg6 36. Kf4 f5 37. Rd7 Ra4+ 38. Kf3 Kf6 39. Rd6+ Ke5 40. Rxc6 Rc4 41. Rc8 Ke6 42. c6 Kd6 43. Rf8 Ke6 44. Rh8 Ke5 45. Rxh5 Rxc6 46. g4 1-0


[Site "https://www.chess.com"]

[Event "Titled Tuesday Blitz November 14 Early 2023"]
[White "Cheer_Down"]
[Black "Finek, Vaclav"]
[BlackFideId "23718293"]
[WhiteElo "2387"]
[BlackElo "2710"]
[Result "0-1"]
[Round "2"]
[TimeControl "180+1"]
[Date "2023.11.14"]
[WhiteClock "0:01:40"]
[BlackClock "0:01:51"]
[Board "143"]

1. c4 e5 2. Nc3 Nf6 3. g3 c6 4. d4 exd4 5. Qxd4 d5 6. Bg5 dxc4 7. Qxd8+ Kxd8 8. Nf3 h6 9. O-O-O+ Ke8 10. Bxf6 gxf6 11. Nd2 Be6 12. e3 b5 13. Nde4 f5 14. Nd6+ Bxd6 15. Rxd6 Ke7 16. Rd2 a5 17. Bg2 Ra7 18. Rhd1 Rc8 19. Ne2 Na6 20. Nd4 Rac7 21. Bh3 Kf6 22. e4 fxe4 23. Nxe6 fxe6 24. Rd6 Nc5 25. Rd8 Nd3+ 0-1


[Site "https://www.chess.com"]

[Event "Titled Tuesday Blitz November 14 Early 2023"]
[White "Dwilewicz, Katarzyna"]
[Black "Lukovic, Vladimir"]
[WhiteFideId "1148486"]
[BlackFideId "942952"]
[WhiteElo "2383"]
[BlackElo "2709"]
[Result "1-0"]
[Round "2"]
[TimeControl "180+1"]
[Date "2023.11.14"]
[WhiteClock "0:00:03"]
[BlackClock "0:00:01"]
[Board "144"]

1. e4 Nc6 2. Nf3 e5 3. Bc4 Be7 4. d4 exd4 5. Nxd4 Nf6 6. Nc3 O-O 7. O-O d6 8. h3 Re8 9. Re1 Bd7 10. Bf4 Ne5 11. Bb3 Bf8 12. Bg3 g6 13. f4 Nc6 14. Nf3 Nh5 15. Bh4 Be7 16. Bxe7 Qxe7 17. Ng5 Rf8 18. Nd5 Qd8 19. Qd2 Ne7 20. Rad1 Nxd5 21. Bxd5 Bc6 22. Bxc6 bxc6 23. g4 Ng7 24. Qc3 Ne6 25. Nxe6 fxe6 26. Rf1 Qd7 27. Kg2 Rf7 28. b3 Raf8 29. Qe3 a5 30. a4 Qe7 31. Rf2 e5 32. f5 g5 33. Rh1 Rg7 34. Kf1 c5 35. Ke2 Qf6 36. Qc3 Rd8 37. Rd1 Ra8 38. Rf3 Rf7 39. Rfd3 Kg7 40. Rf3 Rff8 41. Rh1 h6 42. Rf2 Rfb8 43. Rfh2 Rb4 44. Qd3 Rh8 45. h4 gxh4 46. Rxh4 Qg5 47. Qe3 Qxe3+ 48. Kxe3 c4 49. g5 cxb3 50. gxh6+ Kf6 51. Rg1 b2 52. Rb1 Rhb8 53. h7 Rh8 54. Kd2 Kg7 55. c3 Rxa4 56. Rxb2 Rxh7 57. f6+ Kh8 58. f7 Rxh4 59. f8=Q+ Kh7 60. Qf7+ Kh6 61. Rb1 Ra2+ 62. Kd3 Rg2 63. Qf6+ Kh5 64. Rf1 Rg5 65. Qf7+ Kg4 66. Qf3# 1-0


[Site "https://www.chess.com"]

[Event "Titled Tuesday Blitz November 14 Early 2023"]
[White "Hoffmann, Asa"]
[Black "MKlose11"]
[WhiteFideId "2001470"]
[WhiteElo "2380"]
[BlackElo "2692"]
[Result "1-0"]
[Round "2"]
[TimeControl "180+1"]
[Date "2023.11.14"]
[WhiteClock "0:00:41"]
[BlackClock "0:00:31"]
[Board "145"]

1. d4 Nf6 2. Bg5 g6 3. Nc3 d5 4. f3 Bg7 5. e4 O-O 6. e5 Ne8 7. Qd2 c5 8. dxc5 d4 9. Ne4 Bxe5 10. h4 f5 11. Bc4+ e6 12. Bxd8 Nc6 13. Bg5 fxe4 14. fxe4 Bg3+ 15. Kd1 Ne5 16. Be2 Bd7 17. Nh3 Bc6 18. Bf4 Bxf4 19. Nxf4 Ng7 20. Bf3 Nc4 21. Qc1 Ne3+ 22. Ke1 Rxf4 23. c3 e5 24. cxd4 exd4 25. Kd2 Ne6 26. Re1 Rxh4 27. Rxe3 dxe3+ 28. Kxe3 Re8 29. Qc4 Kg7 30. Rd1 Rf4 31. Rd6 Rf6 32. e5 Rxf3+ 33. gxf3 Ng5 34. f4 Ne4 35. Rxc6 bxc6 36. Qxe4 Re7 37. Qxc6 1-0


[Site "https://www.chess.com"]

[Event "Titled Tuesday Blitz November 14 Early 2023"]
[White "Koellner, Ruben Gideon"]
[Black "MarijaKuznecova"]
[WhiteFideId "12993093"]
[WhiteElo "2667"]
[BlackElo "2378"]
[Result "1-0"]
[Round "2"]
[TimeControl "180+1"]
[Date "2023.11.14"]
[WhiteClock "0:02:28"]
[BlackClock "0:00:53"]
[Board "146"]

1. d4 Nf6 2. Nf3 c5 3. e3 d5 4. c3 e6 5. Nbd2 Bd6 6. Bd3 b6 7. Ne5 Bb7 8. f4 Nbd7 9. Qf3 Qc7 10. O-O Ng8 11. Qh5 g6 12. Qh3 Ne7 13. Ndf3 f6 14. Qxe6 fxe5 15. fxe5 Bxe5 16. Nxe5 Nxe5 17. dxe5 Bc8 18. Bb5+ Kd8 19. Qf6 Rg8 20. Qf8+ 1-0


[Site "https://www.chess.com"]

[Event "Titled Tuesday Blitz November 14 Early 2023"]
[White "Bao, Qilin"]
[Black "Mestnikov, Aisen"]
[WhiteFideId "8605750"]
[BlackFideId "34130117"]
[WhiteElo "2654"]
[BlackElo "2377"]
[Result "1-0"]
[Round "2"]
[TimeControl "180+1"]
[Date "2023.11.14"]
[WhiteClock "0:00:26"]
[BlackClock "0:00:01"]
[Board "147"]

1. Nf3 Nf6 2. g3 g6 3. b3 Bg7 4. Bb2 d5 5. c4 O-O 6. Bg2 c5 7. cxd5 Nxd5 8. Bxg7 Kxg7 9. O-O Nc6 10. d4 cxd4 11. Nxd4 Nxd4 12. Qxd4+ Nf6 13. Qe5 Qd6 14. Qxd6 exd6 15. Rd1 Rd8 16. Nc3 a6 17. Rd4 Kf8 18. Rad1 Ke7 19. Na4 Rb8 20. Nb6 Be6 21. e4 Nd7 22. Rb4 Nc5 23. f4 Bg4 24. Rd2 Bd7 25. Nd5+ Kf8 26. Nf6 Bc6 27. Rbd4 Ke7 28. Nxh7 Ne6 29. R4d3 Bb5 30. Re3 Rbc8 31. h4 Rc1+ 32. Kh2 Rdc8 33. f5 R8c2 34. Rxc2 Rxc2 35. Kh3 Nd4 36. a4 Bc6 37. g4 gxf5 38. exf5+ Kd8 39. Bxc6 bxc6 40. Ng5 f6 41. Ne4 Kc7 42. Nxf6 Rb2 43. h5 Nxb3 44. h6 Rb1 45. h7 Nc5 46. Nh5 Rb8 47. g5 d5 48. g6 d4 49. Re1 d3 50. g7 d2 51. Rd1 Ne4 52. g8=Q Nf2+ 53. Kg2 Nxd1 54. Qxb8+ Kxb8 55. h8=Q+ Kb7 56. Qg7+ Kc8 57. Qf8+ Kb7 58. Qb4+ Kc8 59. Qxd2 1-0


[Site "https://www.chess.com"]

[Event "Titled Tuesday Blitz November 14 Early 2023"]
[White "Kleiman, Jake"]
[Black "Jamal-Jamal-Jamal"]
[WhiteFideId "2020041"]
[WhiteElo "2646"]
[BlackElo "2371"]
[Result "1-0"]
[Round "2"]
[TimeControl "180+1"]
[Date "2023.11.14"]
[WhiteClock "0:00:35"]
[BlackClock "0:00:21"]
[Board "148"]

1. c4 e6 2. Nf3 Nf6 3. e3 b6 4. Nc3 Bb7 5. Be2 Be7 6. b3 O-O 7. Bb2 c5 8. Qc2 d6 9. Rg1 Nbd7 10. g4 Ne8 11. g5 Ne5 12. Nxe5 dxe5 13. Ne4 Qc7 14. O-O-O a6 15. h4 b5 16. h5 bxc4 17. Bxc4 Bd5 18. f4 Qb7 19. Bd3 Kh8 20. Bxe5 f6 21. gxf6 gxf6 22. Bb2 Rb8 23. Nc3 c4 24. bxc4 Bc6 25. Bxh7 Rf7 26. Rg8# 1-0


[Site "https://www.chess.com"]

[Event "Titled Tuesday Blitz November 14 Early 2023"]
[White "Skaric, Djuro"]
[Black "Asavasaetakul, Chawit"]
[WhiteFideId "934569"]
[BlackFideId "6204856"]
[WhiteElo "2370"]
[BlackElo "2630"]
[Result "0-1"]
[Round "2"]
[TimeControl "180+1"]
[Date "2023.11.14"]
[WhiteClock "0:00:12"]
[BlackClock "0:00:20"]
[Board "149"]

1. g3 d5 2. Bg2 Nf6 3. d3 c6 4. Nf3 Bg4 5. O-O Nbd7 6. h3 Bh5 7. Nc3 e5 8. e4 dxe4 9. dxe4 Bc5 10. Qe1 O-O 11. a3 a5 12. Nd2 Qe7 13. Kh2 Rfe8 14. f4 exf4 15. gxf4 Bd4 16. e5 Bxc3 17. bxc3 Nd5 18. Ne4 Nxe5 19. fxe5 Qxe5+ 20. Qg3 Qxg3+ 21. Nxg3 Bg6 22. Bxd5 cxd5 23. Rf2 Rac8 24. Rb1 Rxc3 25. Rxb7 Bxc2 26. Rd7 Be4 27. Bb2 Rb3 28. Bd4 Bg6 29. Bc5 h5 30. Rxd5 h4 31. Nf5 Rb1 32. Ne7+ Kh7 33. Nxg6 fxg6 34. Bd4 Re7 35. Rxa5 Rd7 36. Rd2 Re7 37. Kg2 Rb3 38. Bf2 Re4 39. Ra7 Rf4 40. Bd4 Rg3+ 41. Kh2 Rff3 42. Rxg7+ Kh6 43. Rd7 Rxh3+ 44. Kg2 Rhg3+ 45. Kh1 Rxa3 46. Rd1 Kh5 47. Bg1 Ra2 48. R7d2 Rxd2 49. Rxd2 g5 50. Bh2 Rb3 51. Kg2 h3+ 52. Kf2 Ra3 53. Rc2 Kg4 54. Rc4+ Kf5 55. Bc7 g4 56. Rf4+ Kg5 57. Rc4 Ra2+ 58. Kg1 Kh4 59. Rc3 Rg2+ 60. Kh1 Re2 61. Bd8+ Kh5 62. Rc5+ Kh6 63. Rg5 Rg2 64. Rd5 g3 65. Rd3 Kh5 66. Bc7 Kg4 67. Rd4+ Kf3 68. Rd3+ Ke4 69. Ra3 Rh2+ 70. Kg1 Rg2+ 71. Kf1 Rf2+ 72. Kg1 h2+ 73. Kh1 Rf1+ 74. Kg2 h1=Q+ 75. Kxg3 Rf3+ 0-1


[Site "https://www.chess.com"]